Map: Dusk Towers

Players

Össy

  • Race: Zerg Zerg
  • League: Master

Steisjo - Winner!

  • Race: Protoss Protoss
  • League: Silver

Event: DreamHack ZOWIE Open Leipzig

VOD

Have the link to the VOD?

Description

Time

  • Played on: Jan. 22, 2016, 7:26 a.m.
  • Length: 10:16

All games in this series

Show
View Real Time Build Order
Export as new Build Order

Össy Zerg 

Build Orders: Hatch First 

Get SALT Encoding   

  12  0:02  Drone  
  13  0:15  Overlord  
  13  0:18  Drone  
  14  0:34  Drone x2  
  16  0:37  Drone  
  17  0:55  Hatchery  
  17  0:57  Drone  
  17  1:04  Drone  
  18  1:13  Spawning Pool  
  18  1:16  Drone  
  18  1:20  Drone  
  19  1:42  Hatchery  
  19  1:45  Drone  
  19  1:47  Extractor  
  19  1:50  Drone  
  20  1:54  Drone  
  20  1:59  Queen  
  22  2:07  Overlord  
  22  2:13  Drone  
  23  2:17  Drone x2  
  25  2:25  Drone  
  25  2:26  Queen  
  28  2:30  Drone  
  29  2:38  Queen  
  31  2:45  Drone x2  
  31  2:51  Metabolic Boost  
  33  2:52  Overlord  
  33  2:56  Zergling x2  
  33  2:57  Zergling x2  
  35  3:00  Zergling x2  
  35  3:03  Drone  
  38  3:05  Drone  
  38  3:08  Drone  
  38  3:12  Drone x2  
  41  3:19  Extractor  
  40  3:21  Evolution Chamber, Zergling x2  
  40  3:28  Zergling x2  
  40  3:29  Drone  
  40  3:30  Drone  
  42  3:45  Zergling x4  
  42  3:47  Zerg Melee Weapons Level 1  
  45  3:54  Drone x3, Overlord  
  45  3:55  Overlord  
  48  4:04  Drone x2  
  48  4:05  Evolution Chamber  
  49  4:10  Drone  
  49  4:14  Drone x4  
  49  4:15  Lair  
  52  4:18  Drone x2  
  54  4:24  Drone  
  54  4:27  Drone x2  
  57  4:32  Extractor  
  57  4:34  Spore Crawler  
  57  4:35  Drone x6  
  61  4:41  Overlord x2  
  60  4:47  Zerg Ground Armor Level 1  
  60  5:02  Drone x3, Extractor  
  60  5:03  Drone x2  
  60  5:07  Spore Crawler  
  63  5:14  Hydralisk Den  
  62  5:16  Spore Crawler  
  62  5:18  Drone  
  62  5:22  Drone  
  62  5:24  Overlord x2  
  63  5:30  Drone x3  
  66  5:36  Extractor  
  66  5:37  Overlord x3  
  66  5:38  Drone  
  66  5:43  Muscular Augments  
  66  5:46  Zerg Melee Weapons Level 2  
  66  5:49  Extractor  
  65  5:51  Hydralisk x3  
  71  6:03  Drone  
  72  6:04  Drone x2  
  72  6:05  Drone x2  
  72  6:07  Hydralisk x3  
  72  6:09  Overlord x2  
  72  6:11  Drone x5  
  87  6:22  Drone x2  
  87  6:23  Drone x2, Baneling Nest  
  87  6:24  Overseer  
  87  6:25  Hydralisk x3  
  90  6:32  Hydralisk x2  
  89  6:40  Hydralisk x2  
  89  6:46  Hydralisk  
  89  6:47  Hydralisk  
  89  6:53  Drone x2  
  94  6:57  Drone x2  
  94  6:58  Drone  
  94  7:00  Hydralisk x2  
  99  7:06  Lurker Den  
  95  7:10  Drone  
  95  7:14  Hatchery  
  95  7:19  Hydralisk  
  95  7:20  Hydralisk x5  
  95  7:22  Overlord x2  
  105  7:27  Extractor  
  104  7:31  Extractor  
  104  7:33  Zergling x6  
  104  7:34  Centrifical Hooks  
  105  7:37  Baneling x6  
  105  7:38  Baneling  
  105  7:43  Hydralisk  
  105  7:44  Zergling x8  
  105  7:51  Hydralisk  
  108  7:52  Zergling x6  
  108  7:54  Baneling x4  
  108  7:58  Zergling x8  
  118  8:05  Infestation Pit  
  118  8:10  Hatchery  
  116  8:13  Hatchery  
  116  8:16  Drone x5  
  116  8:17  Drone  
  121  8:23  Overseer x2  
  121  8:24  Hydralisk  
  121  8:26  Overlord x6  
  121  8:32  Baneling x3  
  121  8:48  Drone x3  
  121  8:52  Queen  
  126  8:56  Lurker x2  
  126  8:57  Zergling x14  
  126  8:59  Baneling  
  126  9:00  Baneling x2  
  135  9:03  Extractor, Zergling x4  
  135  9:07  Extractor  
  131  9:22  Hydralisk x7  
  131  9:23  Zergling x2  
  146  9:24  Drone  
  132  9:43  Hydralisk, Zergling x2  
  132  9:44  Zergling x22  
  99  9:55  Zergling x6  
  99  9:56  Zergling x2  
  102  10:00  Hydralisk Den  
Show
View Real Time Build Order
Export as new Build Order

Steisjo Protoss - Winner!

Build Orders: Nexus First 

Get SALT Encoding   

  12  0:01  Probe (Chrono Boost)  
  13  0:12  Probe (Chrono Boost)  
  14  0:18  Pylon  
  14  0:22  Probe (Chrono Boost)  
  15  0:36  Probe (Chrono Boost)  
  16  0:47  Probe (Chrono Boost)  
  17  0:59  Nexus  
  17  1:10  Gateway  
  17  1:14  Probe (Chrono Boost)  
  18  1:19  Assimilator  
  18  1:24  Probe (Chrono Boost)  
  19  1:30  Assimilator  
  19  1:35  Probe (Chrono Boost)  
  20  1:45  Gateway, Probe (Chrono Boost)  
  21  1:56  Probe (Chrono Boost)  
  21  1:59  Cybernetics Core  
  22  2:06  Probe (Chrono Boost)  
  23  2:13  Probe (Chrono Boost)  
  24  2:17  Probe (Chrono Boost)  
  25  2:24  Probe (Chrono Boost)  
  25  2:28  Probe (Chrono Boost)  
  27  2:34  Probe (Chrono Boost)  
  27  2:35  Adept x2 (Chrono Boost)  
  32  2:39  Probe, Pylon  
  32  2:42  Warp Gate  
  33  2:46  Probe  
  34  2:51  Probe (Chrono Boost)  
  36  2:58  Probe (Chrono Boost)  
  36  2:59  Sentry x2 (Chrono Boost)  
  36  3:02  Pylon  
  36  3:04  Probe (Chrono Boost)  
  41  3:10  Probe (Chrono Boost)  
  42  3:14  Probe (Chrono Boost)  
  43  3:20  Probe (Chrono Boost)  
  43  3:25  Probe (Chrono Boost)  
  45  3:27  Nexus  
  45  3:31  Pylon  
  45  3:32  Probe (Chrono Boost)  
  46  3:45  Probe (Chrono Boost)  
  46  3:46  Mothership Core (Chrono Boost)  
  46  3:48  Assimilator  
  49  3:52  Pylon  
  49  3:53  Assimilator  
  50  3:55  Probe (Chrono Boost)  
  50  3:57  Gateway  
  50  4:04  Probe (Chrono Boost)  
  50  4:06  Probe (Chrono Boost)  
  52  4:10  Stargate  
  52  4:12  Stargate  
  52  4:15  Probe (Chrono Boost)  
  52  4:16  Probe (Chrono Boost)  
  54  4:20  Gateway  
  54  4:25  Probe (Chrono Boost)  
  54  4:26  Pylon  
  54  4:27  Probe (Chrono Boost)  
  56  4:36  Probe (Chrono Boost)  
  56  4:38  Probe (Chrono Boost)  
  58  4:39  Probe (Chrono Boost)  
  59  4:47  Sentry, Probe (Chrono Boost), Adept  
  59  4:48  Probe (Chrono Boost)  
  59  4:49  Probe (Chrono Boost)  
  66  4:53  Phoenix (Chrono Boost), Robotics Facility  
  66  4:55  Phoenix (Chrono Boost)  
  66  4:57  Probe  
  66  4:59  Probe x2  
  72  5:02  Pylon  
  73  5:09  Probe x2  
  73  5:11  Probe  
  76  5:15  Phoenix (Chrono Boost)  
  76  5:17  Phoenix (Chrono Boost)  
  80  5:21  Probe (Chrono Boost)  
  80  5:22  Probe (Chrono Boost)  
  80  5:24  Forge  
  80  5:26  Assimilator  
  80  5:27  Probe (Chrono Boost)  
  83  5:32  Probe x2 (Chrono Boost), Robotics Facility  
  83  5:34  Assimilator  
  85  5:38  Probe (Chrono Boost)  
  85  5:39  Phoenix (Chrono Boost)  
  85  5:42  Phoenix (Chrono Boost)  
  90  5:43  Probe (Chrono Boost), Protoss Ground Weapons Level 1  
  90  5:44  Probe (Chrono Boost)  
  92  5:52  Pylon  
  92  5:53  Immortal (Chrono Boost)  
  92  5:55  Probe  
  97  6:01  Pylon  
  97  6:03  Pylon, Zealot  
  99  6:05  Phoenix (Chrono Boost)  
  101  6:15  Twilight Council, Phoenix (Chrono Boost)  
  101  6:16  Pylon  
  103  6:18  Pylon  
  103  6:24  Immortal (Chrono Boost)  
  107  6:34  Zealot x3  
  107  6:35  Zealot  
  107  6:36  Observer (Chrono Boost), Pylon  
  116  6:50  Immortal (Chrono Boost)  
  116  6:53  Probe  
  117  6:55  Charge (Chrono Boost)  
  117  6:56  Nexus  
  117  6:58  Pylon  
  121  7:08  Immortal  
  123  7:09  Zealot x4  
  123  7:12  Probe (Chrono Boost)  
  123  7:13  Templar Archives  
  132  7:23  Photon Cannon  
  132  7:25  Pylon  
  132  7:26  Gateway x2, Colossus, Immortal  
  132  7:28  Protoss Ground Weapons Level 2  
  133  7:33  Probe (Chrono Boost)  
  133  7:35  Probe (Chrono Boost)  
  138  7:39  Probe (Chrono Boost)  
  139  7:45  Zealot x2  
  143  7:52  Zealot x2  
  143  7:55  Pylon  
  143  7:56  Pylon  
  147  8:05  Gateway, Warp Prism (Chrono Boost)  
  147  8:06  Immortal (Chrono Boost), Gateway  
  153  8:13  High Templar x4  
  153  8:18  Archon  
  153  8:19  Archon  
  161  8:30  Gateway  
  161  8:31  Pylon  
  161  8:33  Probe (Chrono Boost)  
  162  8:37  Assimilator  
  162  8:41  Immortal (Chrono Boost)  
  166  8:42  Assimilator  
  166  8:43  Pylon  
  166  8:45  Pylon  
  166  8:46  Immortal (Chrono Boost), High Templar x2  
  166  8:48  Photon Cannon  
  174  8:52  Zealot x2, Archon  
  174  8:53  Zealot  
  174  8:54  Zealot  
  182  9:11  Zealot  
  182  9:12  Immortal (Chrono Boost), Probe  
  182  9:14  Probe  
  190  9:19  Immortal (Chrono Boost)  
  190  9:20  Fleet Beacon  
  190  9:23  Pylon  
  192  9:27  Zealot x4  
  194  9:43  Zealot  
  194  9:44  Zealot x4  
  166  9:46  Observer  
  166  9:50  Zealot x4  
  153  10:03  Probe  
  158  10:13  Zealot x6  

Tags
 
Add a new tag
Caveats
  • Supply blocks, unpowered buildings, or Contaminate may cause inaccurate times.
  • Supply counts are checked every 10 seconds.